 Dungeon Crawl Stone Soup version 0.24.0-123-gd5b16e6ec5 (console) character file.

Game seed: 7061798686321331944, levelgen mode: deterministic

61 Ignak the Magician (level 3, -1/26 HPs)
             Began as a Mummy Wizard on Dec 17, 2019.
             Slain by an orc warrior
             ... wielding a +0 halberd
              (14 damage)
             ... on level 2 of the Dungeon.
             The game lasted 00:05:34 (1949 turns).

Ignak the Magician (Mummy Wizard)                   Turns: 1949, Time: 00:05:35

Health: -1/26      AC:  4    Str: 10    XL:     3   Next: 83%
Magic:  4/9        EV: 12    Int: 18    God:
Gold:   90         SH:  0    Dex: 10    Spells: 3/11 levels left

rFire    x . .     SeeInvis .   g - +2 dagger (venom)
rCold    + . .     Gourm    .   (no shield)
rNeg     + + +     Faith    .   a - +0 robe
rPois    ∞         Spirit   .   f - +1 hat
rElec    .         Reflect  .   i - +0 cloak
rCorr    .         Harm     .   (no gloves)
MR       .....                  (no boots)
Stlth    ++........             h - amulet of regeneration
HPRegen  0.48/turn              (no ring)
MPRegen  0.11/turn              (no ring)

@: very slightly contaminated
A: no food or potions, fire vulnerability, cold resistance 1, negative energy
resistance 3, torment resistance, unbreathing
a: no special abilities


You were on level 2 of the Dungeon.
You were not hungry.

You visited 1 branch of the dungeon, and saw 2 of its levels.

You collected 90 gold pieces.

Inventory:

Hand Weapons
 g - a +2 dagger of venom (weapon)
Armour
 a - a +0 robe (worn)
 f - a +1 hat (worn)
 i - a +0 cloak (worn)
Jewellery
 h - an amulet of regeneration (around neck)
Scrolls
 b - a scroll of fog {unknown}
 c - 2 scrolls of identify
 d - a scroll of enchant armour
 e - a scroll of teleportation
 j - a scroll of fear {unknown}


   Skills:
 + Level 1.3 Fighting
 + Level 2.2 Dodging
 - Level 1.5 Stealth
 + Level 4.5 Spellcasting
 + Level 1.4 Conjurations
 + Level 1.0 Summonings
 + Level 0.9 Translocations


You had 3 spell levels left.
You knew the following spells:

 Your Spells              Type           Power        Failure   Level  Hunger
a - Magic Dart            Conj           #...         8%          1    N/A
b - Blink                 Tloc           N/A          14%         2    N/A
d - Mephitic Cloud        Conj/Pois/Air  #.......     34%         3    N/A
e - Call Imp              Summ           #.......     14%         2    N/A

Your spell library contained the following spells:

 Spells                   Type           Power        Failure   Level  Hunger
 Slow                     Hex            #.......     22%         2    N/A
 Conjure Flame            Conj/Fire      #.......     30%         3    N/A

Dungeon Overview and Level Annotations

Branches:
Dungeon (2/15)

Altars:
Elyvilon
Okawaru


Innate Abilities, Weirdness & Mutations

You do not eat or drink.
Your flesh is vulnerable to fire.
You are immune to poison.
Your flesh is cold resistant. (rC+)
You are immune to negative energy. (rN+++)
You are immune to unholy pain and torment.
You can survive without breathing.


Message History

Press: ? - help, Shift-Dir - straight line, f/p - orc warrior
Aim: an orc warrior, wielding a +0 halberd and wearing a +0 chain mail The ball explodes into a vile cloud!
The stinking cloud engulfs the orc warrior but does no damage.
The orc warrior is engulfed in noxious fumes.
The orc warrior appears confused.
You see here a +0 club.
The orc warrior is engulfed in noxious fumes.
The orc warrior is engulfed in noxious fumes.
The orc warrior appears confused.
The orc warrior is engulfed in noxious fumes.
You see here a +0 club.
The orc warrior is engulfed in noxious fumes.
The orc warrior hits you with a +0 halberd!
Ouch! That really hurt!
You barely miss the orc warrior.
The orc warrior is lightly wounded.
The orc warrior hits you with a +0 halberd!
Ouch! That really hurt!
You die...

#.# #.####### #.......# #######
#######.# ......# #.# .####.# #.#
...##.####################.######
....#.......)..................>#
....#.##########@###..(..########
_.....# #o# #.....# ....#.#
#######.# #.....# ....#.#
#.......# #..%..# ...##.#
#.....).# #.....# .####.#
#......[######### ......#
#...)........# #####.#
#####........# #####.####
#........#####


You could see an orc warrior (confused).

Vanquished Creatures
  An orc wizard (D:2)
  An adder (D:2)
  A worm (D:2)
  A dart slug (D:2)
  3 orcs (D:2)
  A giant cockroach (D:2)
  A goblin (D:1)
  6 hobgoblins
  2 kobolds
  A quokka (D:2)
  5 bats
  2 frilled lizards
  2 rats
27 creatures vanquished.

Vanquished Creatures (collateral kills)
  A worm (D:2)
  2 hobgoblins (D:1)
  2 jackals (D:1)
  A kobold (D:1)
  A frilled lizard (D:1)
7 creatures vanquished.

Grand Total: 34 creatures vanquished

Notes
Turn   | Place    | Note
-------+----------+-------------------------------------------
     0 | D:1      | Ignak the Mummy Wizard began the quest for the Orb.
     0 | D:1      | Reached XP level 1. HP: 13/13 MP: 5/5
   193 | D:2      | Reached skill level 1 in Conjurations
   193 | D:2      | Reached XP level 2. HP: 19/20 MP: 0/7
   198 | D:2      | Learned a level 2 spell: Blink
   201 | D:2      | Learned a level 2 spell: Call Imp
  1179 | D:2      | Found a white marble altar of Elyvilon.
  1297 | D:2      | Found an iron altar of Okawaru.
  1302 | D:2      | Reached XP level 3. HP: 25/25 MP: 8/8
  1307 | D:2      | Learned a level 3 spell: Mephitic Cloud
  1318 | D:2      | Reached skill level 1 in Fighting
  1428 | D:2      | Noticed an orc warrior
  1641 | D:2      | Reached skill level 1 in Summonings
  1949 | D:2      | Slain by an orc warrior

Levels and vault maps discovered:
D:1:      dpeg_arrival_renting, layout_basic
D:2:      layout_basic, old_standard_altar, fiery_altar_vehumet,
          minmay_misc_feat_cross, elyvilon_altar_3

Skill      XL: |  1  2  3 |
---------------+----------+-----
Conjurations   | 1 |  1.4
Dodging        | 2 |  2.2
Fighting       | 1 |  1.3
Summonings     | 1 |  1.0
Stealth        | |  1.5
Spellcasting   | |  4.5
Translocations | |  0.9

Action                   || total
-------------------------++-------
Melee: Unarmed           ||    11
       Hand axe          ||    21
       Dagger            ||    32
 Cast: Magic Dart        ||    13
       Call Imp          ||    12
       Mephitic Cloud    ||     5
  Use: Scroll            ||     3
 Stab: Sleeping          ||     2
Armor: Robe              ||     9
Dodge: Dodged            ||    49
